[Event "Titled Tuesday Blitz February 15 Early 2022"]
[White "Nilsen, Tobias Lang"]
[Black "Tasev, Dejan"]
[WhiteFideId "1521624"]
[BlackFideId "936618"]
[WhiteElo "2013"]
[BlackElo "2253"]
[Result "0-1"]
[Round "07"]
[TimeControl "180+1"]
[Date "2022.02.15"]
[WhiteClock "0:00:05"]
[BlackClock "0:00:19"]

1. f4 Nf6 2. Nf3 g6 3. g3 Bg7 4. Bg2 O-O 5. O-O b6 6. d3 Bb7 7. Nc3 c5 8. e4 d6 9. h3 Nc6 10. g4 Ne8 11. Qe1 Nc7 12. Bd2 Ne6 13. Rc1 Ned4 14. f5 Nxf3+ 15. Bxf3 Nd4 16. Bg2 e6 17. Qg3 exf5 18. exf5 Bxg2 19. Qxg2 Re8 20. Nd5 Ne2+ 21. Kh1 Nxc1 22. Bxc1 Qd7 23. Bh6 Bh8 24. Qf3 Bg7 25. Bxg7 Kxg7 26. f6+ Kh8 27. Qf4 Re5 28. Qh6 Rg8 29. Ne7 Rxe7 30. fxe7 Qxe7 31. Qf4 Kg7 32. d4 f6 33. dxc5 dxc5 34. Qf2 Re8 35. Kg2 Qe4+ 36. Qf3 Qxf3+ 37. Kxf3 Rd8 38. Rf2 Kf7 39. Re2 Rd7 40. Kf4 Rd4+ 41. Kf3 h6 42. b3 a5 43. a4 Rd6 44. Kf4 g5+ 45. Kf3 Re6 46. Rd2 Ke7 47. Rd3 Re5 48. Rd2 f5 49. gxf5 Rxf5+ 50. Kg3 Rf6 51. Re2+ Kf7 52. Rd2 Kg6 53. Rd3 h5 54. Re3 h4+ 55. Kg2 Rd6 56. Kf3 Kf5 57. Re8 Rd2 58. Rf8+ Kg6 59. Rb8 Rxc2 60. Rxb6+ Kf5 61. Rb5 Rc3+ 62. Kf2 Kf4 63. Rxa5 Rxb3 64. Rxc5 Rxh3 65. a5 Ra3 66. Rc4+ Kf5 67. Rc5+ Kg4 68. Rc4+ Kh5 69. Rc5 h3 70. Kg1 Kh4 71. Kh1 g4 72. Kg1 g3 73. Rc4+ Kg5 74. Rc5+ Kf4 75. Rc4+ Ke3 76. Rc3+ Rxc3 0-1


[Site "https://www.chess.com"]

[Event "Titled Tuesday Blitz February 15 Early 2022"]
[White "Noroozi, Omid"]
[Black "Hess, Robert"]
[WhiteFideId "12501190"]
[BlackFideId "2022036"]
[WhiteElo "2605"]
[BlackElo "2818"]
[Result "0-1"]
[Round "07"]
[TimeControl "180+1"]
[Date "2022.02.15"]
[WhiteClock "0:01:06"]
[BlackClock "0:00:12"]

1. e4 g6 2. d4 Bg7 3. Nc3 a6 4. g3 e6 5. Bg2 Ne7 6. Nge2 h6 7. O-O d6 8. Be3 b5 9. a4 b4 10. Na2 a5 11. c3 bxc3 12. Naxc3 Na6 13. Qd2 Rb8 14. Rac1 Nb4 15. Nb5 c6 16. Na3 Ba6 17. Nc4 d5 18. Ne5 dxe4 19. Rfd1 f5 20. Nf4 Bxe5 21. dxe5 Qxd2 22. Rxd2 Nd3 23. Nxd3 Bxd3 24. Rc5 Ra8 25. Bd4 Kd7 26. Bc3 Nd5 27. Bxa5 Rhb8 28. Bf1 Bxf1 29. Kxf1 Rb3 30. Rdc2 g5 31. Bd2 Ra6 32. R5c4 e3 33. fxe3 Rxe3 34. b4 Rxe5 35. b5 cxb5 36. axb5 Ra1+ 37. Kf2 Rb1 38. Rc8 Rxb5 39. Rh8 Nf6 40. Bc1 Rbc5 41. Rxc5 Rxc5 42. Be3 Ng4+ 43. Kf3 Rc3 44. h3 Rxe3+ 45. Kg2 Nf6 46. Rxh6 Ne4 47. g4 f4 48. Rg6 f3+ 49. Kf1 f2 50. Rg7+ Kd6 51. Rf7 Re1+ 52. Kg2 Rg1+ 53. Kh2 f1=Q 54. Rxf1 Rxf1 55. h4 gxh4 56. g5 Rf3 57. g6 Rg3 58. g7 Rxg7 59. Kh3 Nf6 60. Kxh4 e5 61. Kh3 e4 62. Kh4 e3 63. Kh3 e2 64. Kh4 e1=Q+ 65. Kh3 Qh1# 0-1


[Site "https://www.chess.com"]

[Event "Titled Tuesday Blitz February 15 Early 2022"]
[White "Nurmanova, Alua"]
[Black "Shuvalova, Polina"]
[WhiteFideId "13729390"]
[BlackFideId "24171760"]
[WhiteElo "1851"]
[BlackElo "2355"]
[Result "1-0"]
[Round "07"]
[TimeControl "180+1"]
[Date "2022.02.15"]
[WhiteClock "0:01:06"]
[BlackClock "0:01:39"]

1. e4 c6 2. d4 d5 3. e5 Bf5 4. h4 h5 5. c4 e6 6. Nc3 dxc4 7. Bxc4 Nd7 8. Nge2 Ne7 9. Ng3 Bg6 10. Bg5 Qc7 11. Qd2 Nb6 12. Bb3 Nf5 13. Nxf5 Bxf5 14. O-O Be7 15. Rad1 Rd8 16. Rfe1 Bg6 17. Qe3 Bxg5 18. Qxg5 Qe7 19. Qg3 Rd7 20. Ne4 Bxe4 21. Qxg7 Qf8 22. Qxf8+ Kxf8 23. Rxe4 Ke7 24. g4 Rg8 25. f3 c5 26. dxc5 Rxd1+ 27. Bxd1 Nd7 28. b4 a5 29. bxa5 Nxc5 30. Rc4 Nd7 31. Rc7 Ra8 32. Ba4 Rxa5 33. Rxd7+ Kf8 34. Bb3 Rxe5 35. g5 b5 36. Kf2 Kg7 37. f4 Rc5 38. Bxe6 Rc2+ 39. Ke3 Kg6 40. f5+ Kg7 41. Rxf7+ Kh8 42. Rf8+ Kg7 43. Rg8+ Kh7 44. g6+ Kh6 45. Rh8+ Kg7 46. Rh7+ Kf8 47. g7+ 1-0


[Site "https://www.chess.com"]

[Event "Titled Tuesday Blitz February 15 Early 2022"]
[White "Orlov, Georgi"]
[Black "Gabrielian, Artur"]
[WhiteFideId "2011271"]
[BlackFideId "4131002"]
[WhiteElo "2494"]
[BlackElo "2440"]
[Result "1-0"]
[Round "07"]
[TimeControl "180+1"]
[Date "2022.02.15"]
[WhiteClock "0:00:08"]
[BlackClock "0:00:01"]

1. d4 Nf6 2. Nf3 e6 3. c4 c5 4. d5 exd5 5. cxd5 d6 6. Nc3 g6 7. e4 Bg7 8. Nd2 O-O 9. Be2 Re8 10. O-O Nbd7 11. Qc2 Ne5 12. Nd1 Nfg4 13. h3 Nh6 14. f4 Nd7 15. Nc4 Nb6 16. Nxb6 axb6 17. Bb5 Bd7 18. Bxd7 Qxd7 19. f5 Qa4 20. Qxa4 Rxa4 21. f6 Bf8 22. Nc3 Rc4 23. a4 Kh8 24. g4 Ng8 25. g5 h6 26. h4 Kh7 27. Kg2 Rb4 28. Rf2 Ra8 29. Rb1 Re8 30. Re2 Rd4 31. Bf4 Rd3 32. Bg3 Rd4 33. Bf4 Rd3 34. Rc1 Ra8 35. b3 Rd4 36. Nb5 Rb4 37. Rc3 Rd8 38. Ree3 Kh8 39. Rc4 Rxc4 40. bxc4 Kh7 41. Ra3 hxg5 42. hxg5 Re8 43. Rh3+ Nh6 44. Kf3 Ra8 45. Nxd6 1-0


[Site "https://www.chess.com"]

[Event "Titled Tuesday Blitz February 15 Early 2022"]
[White "Osiecki, Stanislaw"]
[Black "Golubka, Petro"]
[WhiteFideId "1102990"]
[BlackFideId "14114224"]
[WhiteElo "2127"]
[BlackElo "2392"]
[Result "0-1"]
[Round "07"]
[TimeControl "180+1"]
[Date "2022.02.15"]
[WhiteClock "0:00:15"]
[BlackClock "0:01:59"]

1. e4 d5 2. e5 c6 3. d4 h5 4. Bd3 g6 5. Ne2 Bg7 6. Nf4 e6 7. Nxg6 fxg6 8. Bxg6+ Kd7 9. Bxh5 Kc7 10. h3 b6 11. O-O Ba6 12. Re1 Nd7 13. Bg4 Qe7 14. Nd2 Nh6 15. Be2 Bxe2 16. Qxe2 Nf5 17. Nf3 Rag8 18. Bg5 Qf7 19. Kh2 Bh6 20. Bxh6 Rxh6 21. a4 Qh5 22. Ng1 Qh4 23. a5 b5 24. Qd2 Qxd4 25. Qe2 Qxb2 26. Rab1 Qd4 27. c3 Qf4+ 28. Kh1 Qg5 29. Qf1 Rhg6 30. g3 Qh6 31. Ne2 Rh8 32. Nf4 Rxg3 33. Kh2 Rf3 0-1


[Site "https://www.chess.com"]

[Event "Titled Tuesday Blitz February 15 Early 2022"]
[White "Ozkan, Taha"]
[Black "Szpar, Milosz"]
[WhiteFideId "34577173"]
[BlackFideId "1184989"]
[WhiteElo "2024"]
[BlackElo "2447"]
[Result "0-1"]
[Round "07"]
[TimeControl "180+1"]
[Date "2022.02.15"]
[WhiteClock "0:02:07"]
[BlackClock "0:02:22"]

1. d4 Nf6 2. c4 e6 3. Nc3 c5 4. d5 exd5 5. cxd5 d6 6. Nf3 g6 7. Bf4 a6 8. a4 Bg7 9. h3 O-O 10. e3 b6 11. Be2 Ne8 12. O-O Nd7 13. Nd2 Ne5 14. Bh2 f5 15. e4 f4 16. Nf3 Nxf3+ 17. Bxf3 Be5 18. Qd3 Bd7 19. Rab1 g5 20. b4 c4 21. Qe2 Bxc3 22. Qxc4 Be5 23. a5 Bb5 0-1


[Site "https://www.chess.com"]

[Event "Titled Tuesday Blitz February 15 Early 2022"]
[White "Petesch, Gabriel"]
[Black "Boraso, Alessio"]
[WhiteFideId "2032465"]
[BlackFideId "848077"]
[WhiteElo "2374"]
[BlackElo "2277"]
[Result "1-0"]
[Round "07"]
[TimeControl "180+1"]
[Date "2022.02.15"]
[WhiteClock "0:00:39"]
[BlackClock "0:00:01"]

1. e3 Nf6 2. Nf3 g6 3. c4 Bg7 4. Nc3 O-O 5. b3 b6 6. Bb2 Bb7 7. Be2 d5 8. O-O c5 9. cxd5 Nxd5 10. d4 cxd4 11. Nxd5 Qxd5 12. Bxd4 Bxd4 13. Qxd4 Qxd4 14. Nxd4 Nc6 15. Nb5 a6 16. Nc7 Ra7 17. Nd5 b5 18. Rfd1 e6 19. Nf6+ Kg7 20. Nd7 Rd8 21. Nb6 Rxd1+ 22. Rxd1 Nb4 23. Rd7 Nxa2 24. Bf3 Nc1 25. Rxb7 Rxb7 26. Bxb7 a5 27. Bc6 Nxb3 28. Bxb5 Kf6 29. Nc4 Ke7 30. Kf1 f5 31. Ke2 g5 32. Kd1 h5 33. Kc2 Nc5 34. Nxa5 g4 35. Kd1 Kf6 36. Ke2 e5 37. Bc4 Kg5 38. Nc6 Kf6 39. f3 f4 40. Nb4 gxf3+ 41. Kxf3 1-0


[Site "https://www.chess.com"]

[Event "Titled Tuesday Blitz February 15 Early 2022"]
[White "Petrova, Irina"]
[Black "Rozhkov, Viacheslav"]
[WhiteFideId "14124122"]
[BlackFideId "4181484"]
[WhiteElo "1988"]
[BlackElo "2324"]
[Result "1-0"]
[Round "07"]
[TimeControl "180+1"]
[Date "2022.02.15"]
[WhiteClock "0:00:49"]
[BlackClock "0:00:35"]

1. e4 c5 2. Nf3 d6 3. Bb5+ Nd7 4. O-O a6 5. Bxd7+ Bxd7 6. d4 cxd4 7. Qxd4 e5 8. Qd3 Rc8 9. a4 Qc7 10. Nc3 h6 11. Be3 Nf6 12. Rfd1 Bc6 13. Nd2 Be7 14. Nf1 O-O 15. a5 Bb5 16. Qd2 Bxf1 17. Rxf1 Rfd8 18. Bb6 Qc6 19. Bxd8 Rxd8 20. Nd5 Nxd5 21. Qxd5 Qxd5 22. exd5 f5 23. c4 Rc8 24. Rfc1 Kf7 25. b4 Rd8 26. Rd1 e4 27. Rac1 Bg5 28. Rc2 Kf6 29. c5 Ke5 30. c6 bxc6 31. Rxc6 Ra8 32. g3 f4 33. gxf4+ Bxf4 34. Rc7 g5 35. Re7+ Kf5 36. Re1 Be5 37. Rb7 h5 38. b5 axb5 39. Rxb5 Bd4 40. Kg2 Rc8 41. Re2 Ke5 42. a6 g4 43. Ra2 h4 44. a7 Rc1 45. a8=Q 1-0


[Site "https://www.chess.com"]

[Event "Titled Tuesday Blitz February 15 Early 2022"]
[White "Piliczewski, Bogusz"]
[Black "Von Buelow, Georg"]
[WhiteFideId "1104144"]
[BlackFideId "4620658"]
[WhiteElo "1896"]
[BlackElo "2209"]
[Result "0-1"]
[Round "07"]
[TimeControl "180+1"]
[Date "2022.02.15"]
[WhiteClock "0:00:02"]
[BlackClock "0:00:57"]

1. d4 Nf6 2. Nf3 d5 3. Bf4 c5 4. c3 Nc6 5. e3 Qb6 6. Qb3 c4 7. Qxb6 axb6 8. a3 b5 9. Nbd2 b4 10. cxb4 Nxb4 11. Rc1 Nc6 12. h3 Bf5 13. g4 Bg6 14. Ne5 e6 15. Bg2 Nxe5 16. dxe5 Nd7 17. O-O Nc5 18. Rfe1 Nd3 19. Red1 Nxc1 20. Rxc1 b5 21. h4 h5 22. g5 Be7 23. Nf3 Kd7 24. Nd4 Rab8 25. Rc3 Rhc8 26. b4 Kc7 27. f3 Kb6 28. e4 dxe4 29. fxe4 Ka6 30. Kf2 Bd8 31. Be3 Bb6 32. Ke2 Rb7 33. Bf3 Rd7 34. Nc2 Bxe3 35. Nxe3 Rcd8 36. Nf1 Rd3 37. Rxd3 Rxd3 38. Ng3 Rxa3 39. Nxh5 Bxh5 40. Bxh5 g6 41. Bf3 Ra2+ 42. Ke3 Rh2 43. h5 gxh5 44. Kf4 h4 45. Bh5 c3 46. Bxf7 Rf2+ 47. Ke3 Rxf7 48. Kd3 h3 49. Kxc3 h2 50. g6 Rg7 51. Kd4 Kb6 52. Ke3 h1=Q 53. Kf4 Rxg6 54. Ke3 Qg1+ 55. Kf4 Qg3# 0-1


[Site "https://www.chess.com"]

[Event "Titled Tuesday Blitz February 15 Early 2022"]
[White "Pires, Marcos Vinicius Torsani"]
[Black "Iljin, Timofey"]
[WhiteFideId "2118939"]
[BlackFideId "14110180"]
[WhiteElo "2273"]
[BlackElo "2396"]
[Result "1-0"]
[Round "07"]
[TimeControl "180+1"]
[Date "2022.02.15"]
[WhiteClock "0:00:36"]
[BlackClock "0:00:24"]

1. e4 e5 2. Nf3 Nc6 3. Nc3 Nf6 4. d4 exd4 5. Nxd4 Bc5 6. Nxc6 bxc6 7. Bd3 O-O 8. O-O d5 9. exd5 cxd5 10. h3 h6 11. Qf3 c6 12. Bf4 Bd6 13. Ne2 Bxf4 14. Qxf4 Be6 15. Nd4 Bd7 16. Rfe1 c5 17. Nf5 Bxf5 18. Qxf5 c4 19. Be2 Qb6 20. b3 cxb3 21. axb3 Rfe8 22. Bd3 Qd4 23. Rxe8+ Rxe8 24. Ra4 Qb6 25. Ra6 Qc7 26. g3 Re5 27. Qf3 Ne4 28. Kg2 Nc5 29. Ra1 Ne6 30. h4 h5 31. Ra4 Qb6 32. Ra6 Qc5 33. Ra4 a5 34. Qd1 g6 35. Qd2 d4 36. Rc4 Qd5+ 37. Kh2 g5 38. Rc8+ Kg7 39. Bc4 Qf3 40. Bxe6 Rxe6 41. Qxd4+ Rf6 42. hxg5 Qxf2+ 43. Qxf2 Rxf2+ 44. Kh3 Kg6 45. Rc6+ Kxg5 46. Rc5+ Rf5 47. Rxf5+ Kxf5 48. Kh4 Ke4 49. Kxh5 Kd4 50. c4 Kc3 51. c5 Kxb3 52. c6 a4 53. c7 a3 54. c8=Q a2 55. Qb7+ Kc2 56. Qc6+ Kb2 57. Qb5+ Kc2 58. Qc4+ Kb2 59. Qxf7 a1=Q 60. Qf6+ Kb1 61. Qxa1+ Kxa1 62. g4 Kb2 63. g5 Kc3 64. g6 Kd4 65. g7 Ke5 66. g8=Q Kf6 67. Qd5 Ke7 68. Qc6 Kd8 69. Qb7 Ke8 70. Qc7 Kf8 71. Qd7 Kg8 72. Qe7 Kh8 73. Kg6 Kg8 74. Qg7# 1-0


[Site "https://www.chess.com"]

[Event "Titled Tuesday Blitz February 15 Early 2022"]
[White "Pourkashiyan, Atousa"]
[Black "Zheenbekov, Nurgazy"]
[WhiteFideId "12502014"]
[BlackFideId "13800485"]
[WhiteElo "2247"]
[BlackElo "1959"]
[Result "1-0"]
[Round "07"]
[TimeControl "180+1"]
[Date "2022.02.15"]
[WhiteClock "0:00:29"]
[BlackClock "0:00:11"]

1. e4 e5 2. Nf3 Nc6 3. Bb5 a6 4. Ba4 Nf6 5. O-O Be7 6. Re1 b5 7. Bb3 d6 8. c3 O-O 9. h3 Nb8 10. d4 Nbd7 11. Nbd2 Bb7 12. Bc2 Re8 13. Nf1 Bf8 14. Ng3 g6 15. Bg5 Bg7 16. Qd2 c5 17. d5 c4 18. Nh2 h5 19. Rf1 Qc7 20. Kh1 Nh7 21. Bh6 Bh8 22. Nf3 Bc8 23. Ng5 Nc5 24. f4 exf4 25. Rxf4 Nxg5 26. Bxg5 Be5 27. Rf3 Bxg3 28. Rxg3 Nxe4 29. Bxe4 Rxe4 30. Bf6 Kh7 31. Rf1 Bb7 32. Rg5 Rae8 33. Qf2 Kg8 34. Rxh5 gxh5 35. Qg3+ Rg4 36. hxg4 1-0


[Site "https://www.chess.com"]

[Event "Titled Tuesday Blitz February 15 Early 2022"]
[White "Prohorov, Olexandr"]
[Black "Lohani, Sujana"]
[WhiteFideId "14105578"]
[BlackFideId "12311987"]
[WhiteElo "1993"]
[BlackElo "1691"]
[Result "1-0"]
[Round "07"]
[TimeControl "180+1"]
[Date "2022.02.15"]
[WhiteClock "0:00:52"]
[BlackClock "0:00:03"]

1. e4 b6 2. d4 Bb7 3. Nc3 c5 4. Nf3 cxd4 5. Nxd4 Nf6 6. f3 Nc6 7. Be2 g6 8. O-O Bg7 9. Be3 O-O 10. Qd2 Rc8 11. Rad1 Nxd4 12. Bxd4 Qc7 13. Bd3 d5 14. e5 Nd7 15. f4 Nc5 16. Kh1 e6 17. Nb5 Qb8 18. Nd6 Rc7 19. c3 Ne4 20. Qe3 Nxd6 21. exd6 Rd7 22. Be5 f6 23. Bd4 Rxd6 24. Rde1 Re8 25. Qh3 e5 26. fxe5 fxe5 27. Qg3 exd4 28. Rxe8+ Qxe8 29. Qxd6 dxc3 30. bxc3 Bxc3 31. Qc7 Bc8 32. Qxc3 Be6 33. Qe5 Qd7 34. Re1 Bf7 35. Qf6 Qg4 36. Re7 1-0


[Site "https://www.chess.com"]

[Event "Titled Tuesday Blitz February 15 Early 2022"]
[White "Ratnakaran, K."]
[Black "Toncheva, Nadya"]
[WhiteFideId "5005507"]
[BlackFideId "2924056"]
[WhiteElo "2391"]
[BlackElo "1920"]
[Result "1-0"]
[Round "07"]
[TimeControl "180+1"]
[Date "2022.02.15"]
[WhiteClock "0:02:22"]
[BlackClock "0:00:25"]

1. e4 c5 2. Nf3 e6 3. c4 Nc6 4. Nc3 e5 5. Bd3 Nge7 6. O-O g6 7. Bc2 Bg7 8. d3 O-O 9. Be3 d6 10. h3 h6 11. Qd2 Kh7 12. Nh2 f5 13. f4 exf4 14. Bxf4 Ne5 15. Rf2 g5 16. Bxe5 Bxe5 17. Nf3 Bf4 18. Qe2 Nc6 19. Nd5 Bg3 20. Rff1 fxe4 21. dxe4 Ne5 22. Rad1 Be6 23. Ne3 Qe7 24. Nf5 Bxf5 25. exf5 Rf6 26. Nd2 Re8 27. Ne4 Bf4 28. g3 Qg7 29. Nxf6+ Qxf6 1-0


[Site "https://www.chess.com"]

[Event "Titled Tuesday Blitz February 15 Early 2022"]
[White "Reprintsev, Alexander"]
[Black "Rodchenkov, Vitaly"]
[WhiteFideId "14100541"]
[BlackFideId "4152964"]
[WhiteElo "2126"]
[BlackElo "2337"]
[Result "1-0"]
[Round "07"]
[TimeControl "180+1"]
[Date "2022.02.15"]
[WhiteClock "0:00:51"]
[BlackClock "0:00:42"]

1. e4 c5 2. b3 d5 3. exd5 Qxd5 4. Nc3 Qd8 5. Bb2 Nf6 6. Qe2 Nc6 7. O-O-O Bg4 8. f3 Bh5 9. Nh3 e6 10. Nf4 Bg6 11. h4 Nd4 12. Qf2 Bd6 13. Nxg6 hxg6 14. Nb5 Nxb5 15. Bxb5+ Kf8 16. g4 a6 17. Bd3 Bf4 18. Qxc5+ Kg8 19. g5 Nd5 20. Be4 Qf8 21. Qd4 Bd6 22. Bxd5 exd5 23. Qxd5 Rd8 24. Qxb7 a5 25. a4 Ba3 26. Qb5 Bxb2+ 27. Kxb2 Qd6 28. d4 Qf4 29. Qxa5 Rxd4 30. Rxd4 Qxd4+ 31. Qc3 Qf4 32. a5 1-0


[Site "https://www.chess.com"]

[Event "Titled Tuesday Blitz February 15 Early 2022"]
[White "Riehle, Marco"]
[Black "Ronka, Erik"]
[WhiteFideId "12904392"]
[BlackFideId "505080"]
[WhiteElo "2462"]
[BlackElo "2264"]
[Result "1-0"]
[Round "07"]
[TimeControl "180+1"]
[Date "2022.02.15"]
[WhiteClock "0:01:15"]
[BlackClock "0:00:05"]

1. e4 c5 2. a3 g6 3. h4 h5 4. Nc3 Bg7 5. Bc4 Nc6 6. d3 d6 7. Bg5 Nf6 8. Qd2 Bd7 9. O-O-O Nd4 10. Nf3 b5 11. Ba2 Nxf3 12. gxf3 a5 13. Bxf6 Bxf6 14. Nd5 Bg7 15. Rhg1 b4 16. Qf4 Bh6 17. Rg5 f6 18. Rdg1 Rf8 19. Qg3 fxg5 20. hxg5 Bg7 21. a4 e6 22. Qxd6 exd5 23. Qxg6+ Ke7 24. Qxg7+ Kd6 25. Bxd5 Rc8 26. Qh6+ Kc7 27. Qa6 Rb8 28. g6 Qf6 29. Qa7+ Kd6 30. g7 Rg8 31. Rg6 Qxg6 32. Qa6+ Kc7 33. Qxg6 Rbe8 34. Bxg8 1-0


[Site "https://www.chess.com"]

[Event "Titled Tuesday Blitz February 15 Early 2022"]
[White "Rodchenkov, Sergey D."]
[Black "Mosutha, Thuso"]
[WhiteFideId "4168712"]
[BlackFideId "11302550"]
[WhiteElo "2306"]
[BlackElo "2028"]
[Result "1/2-1/2"]
[Round "07"]
[TimeControl "180+1"]
[Date "2022.02.15"]
[WhiteClock "0:00:19"]
[BlackClock "0:00:02"]

1. e4 e6 2. d4 d5 3. Nc3 Nf6 4. e5 Nfd7 5. f4 c5 6. Nf3 Nc6 7. Be3 cxd4 8. Nxd4 Bc5 9. Qd2 O-O 10. O-O-O Nxd4 11. Bxd4 Bxd4 12. Qxd4 f6 13. exf6 Qxf6 14. g3 Qxd4 15. Rxd4 Nf6 16. Bg2 Bd7 17. Re1 Rfe8 18. Bf3 Bc6 19. Rd3 Nd7 20. Rd2 Rad8 21. Ne2 e5 22. Bxd5+ Bxd5 23. Rxd5 exf4 24. gxf4 Nf6 25. Rxd8 Rxd8 26. Ng3 g6 27. a4 Kf7 28. b3 Rd4 29. f5 g5 30. Rd1 Rf4 31. Rf1 Rh4 32. Rh1 h5 33. Kd2 Rf4 34. Rf1 Rd4+ 35. Kc3 Rg4 36. Kd2 h4 37. Ne2 Rg2 38. h3 Ne4+ 39. Ke3 Rxe2+ 40. Kxe2 Ng3+ 41. Kf2 Nxf1 42. Kxf1 Kf6 43. Kf2 Kxf5 44. Kf3 g4+ 45. hxg4+ Kg5 46. a5 h3 47. Kg3 h2 48. Kxh2 Kxg4 49. Kg2 Kf4 50. Kf2 Ke4 51. Ke2 Kd4 52. Kd2 Kc5 53. c3 Kb5 54. b4 Kc4 55. Kc2 b6 56. axb6 axb6 57. Kd2 Kd5 58. Kd3 b5 59. Ke3 Ke5 60. Kd2 Ke6 61. Kd3 Kd5 62. Ke3 Ke5 63. Kd2 Ke6 64. Ke3 Ke5 1/2-1/2


[Site "https://www.chess.com"]

[Event "Titled Tuesday Blitz February 15 Early 2022"]
[White "Ruperez Benito, Antonio"]
[Black "Martin Carmona, Gaston Manuel"]
[WhiteFideId "22245049"]
[BlackFideId "22284567"]
[WhiteElo "2249"]
[BlackElo "2161"]
[Result "0-1"]
[Round "07"]
[TimeControl "180+1"]
[Date "2022.02.15"]
[WhiteClock "0:00:13"]
[BlackClock "0:00:15"]

1. d4 Nf6 2. c4 g6 3. Nc3 Bg7 4. e4 d6 5. Bg5 O-O 6. Qd2 a6 7. Be2 c5 8. d5 b5 9. cxb5 axb5 10. Bxb5 Ba6 11. Bxa6 Nxa6 12. Nge2 Qb6 13. O-O Rfb8 14. Rfb1 Nb4 15. a3 Na6 16. h3 Ra7 17. a4 c4 18. Bxf6 Bxf6 19. Nb5 Rab7 20. Nec3 Nc5 21. Qe2 Nd3 22. b3 Bxc3 23. Nxc3 Qd4 24. Nb5 Rxb5 25. axb5 cxb3 26. Rd1 Nf4 27. Qf3 b2 28. Rab1 Qe5 29. h4 Rxb5 30. g3 Nh5 31. Qd3 Rb4 32. Kg2 Rxe4 33. Rd2 Rg4 34. Rbxb2 Nf4+ 35. Kf3 Nxd3 36. Rxd3 Qxb2 37. Kxg4 Qxf2 38. Rf3 Qe2 39. Kf4 Qe5+ 40. Kg4 Qxd5 41. Rf4 f5+ 42. Kg5 Kg7 43. h5 h6+ 44. Kh4 Qh1# 0-1


[Site "https://www.chess.com"]

[Event "Titled Tuesday Blitz February 15 Early 2022"]
[White "Rychagov, Andrey"]
[Black "Voege, Tobias"]
[WhiteFideId "4119932"]
[BlackFideId "1270513"]
[WhiteElo "2500"]
[BlackElo "2335"]
[Result "1-0"]
[Round "07"]
[TimeControl "180+1"]
[Date "2022.02.15"]
[WhiteClock "0:01:15"]
[BlackClock "0:00:11"]

1. d4 Nf6 2. c4 g6 3. Nc3 Bg7 4. e4 d6 5. Be2 O-O 6. Be3 e5 7. d5 Nbd7 8. g4 Ne8 9. Qd2 a5 10. h4 Nc5 11. h5 a4 12. O-O-O Bd7 13. Nh3 f6 14. hxg6 hxg6 15. f4 Ra6 16. Rdf1 Qa8 17. Qe1 Qa7 18. Qg3 c6 19. fxe5 dxe5 20. Qg1 b6 21. Qh2 Nd6 22. Ng5 Re8 23. Qh7+ Kf8 24. Qxg6 Re7 25. Nh7+ Kg8 26. Nxf6+ Kf8 27. Rh8+ Bxh8 28. Qg8# 1-0


[Site "https://www.chess.com"]

[Event "Titled Tuesday Blitz February 15 Early 2022"]
[White "Sadovsky, Artem"]
[Black "Nogerbek, Kazybek"]
[WhiteFideId "4155840"]
[BlackFideId "13710427"]
[WhiteElo "2369"]
[BlackElo "2478"]
[Result "1-0"]
[Round "07"]
[TimeControl "180+1"]
[Date "2022.02.15"]
[WhiteClock "0:01:46"]
[BlackClock "0:01:09"]

1. Nf3 d5 2. e3 Bf5 3. c4 e6 4. Qb3 Nc6 5. Qxb7 Nb4 6. Nd4 Bc5 7. Qb5+ Qd7 8. Qxc5 Nd3+ 9. Bxd3 Bxd3 10. cxd5 exd5 11. Qc6 Nf6 12. Nc3 Ke7 13. Qxd7+ Kxd7 14. b4 a5 15. bxa5 c5 16. Nb3 c4 17. Nc5+ Kc6 18. Nxd3 cxd3 19. O-O Rxa5 20. Bb2 Rb8 21. Rab1 Ne4 22. Nxe4 dxe4 23. Bxg7 Rxb1 24. Rxb1 Rxa2 25. Bc3 f5 26. g4 fxg4 27. Kg2 h5 28. Rb4 Kd5 29. Rb5+ Kc4 30. Re5 Rxd2 31. Bxd2 1-0


[Site "https://www.chess.com"]

[Event "Titled Tuesday Blitz February 15 Early 2022"]
[White "Sahil, Tickoo"]
[Black "Politov, Pavel Y."]
[WhiteFideId "5019710"]
[BlackFideId "24110515"]
[WhiteElo "2099"]
[BlackElo "2090"]
[Result "1-0"]
[Round "07"]
[TimeControl "180+1"]
[Date "2022.02.15"]
[WhiteClock "0:00:33"]
[BlackClock "0:00:02"]

1. d4 Nf6 2. Bf4 d5 3. e3 e6 4. Nd2 c5 5. c3 Bd6 6. Bg3 Nc6 7. Ngf3 O-O 8. Bd3 Qc7 9. dxc5 Bxg3 10. hxg3 h6 11. b4 e5 12. Be2 Bf5 13. O-O Rad8 14. a3 d4 15. cxd4 exd4 16. exd4 Nxd4 17. Nxd4 Rxd4 18. Qc1 Re8 19. Nf3 Rdd8 20. Bc4 Ng4 21. Qf4 Qxf4 22. gxf4 Bd3 23. Rfc1 Bxc4 24. Rxc4 Re2 25. Rf1 Ra2 26. Rc3 Re8 27. Nh2 Nxh2 28. Kxh2 Ree2 29. Kg3 Reb2 30. Rd3 Rc2 31. Rd7 Rxa3+ 32. f3 b6 33. cxb6 axb6 34. f5 Rb2 35. Re1 Rxb4 36. Ree7 1-0


[Site "https://www.chess.com"]

[Event "Titled Tuesday Blitz February 15 Early 2022"]
[White "Saim, Mohamed Ilias"]
[Black "Stefanov, Plamen"]
[WhiteFideId "7900465"]
[BlackFideId "2900980"]
[WhiteElo "2006"]
[BlackElo "2137"]
[Result "0-1"]
[Round "07"]
[TimeControl "180+1"]
[Date "2022.02.15"]
[WhiteClock "0:01:02"]
[BlackClock "0:01:58"]

1. d4 Nf6 2. Nf3 c5 3. e3 cxd4 4. exd4 e6 5. Bd3 Be7 6. b3 O-O 7. Bb2 d5 8. Nbd2 Nc6 9. a3 b6 10. O-O Bb7 11. Ne5 Nxe5 12. dxe5 Ne4 13. f4 Bc5+ 14. Kh1 Nf2+ 15. Rxf2 Bxf2 16. Qh5 Qh4 17. Qe2 Bg3 18. Nf3 Qh6 19. Ng5 Qxh2# 0-1


[Site "https://www.chess.com"]

[Event "Titled Tuesday Blitz February 15 Early 2022"]
[White "Samaganova, Aleksandra"]
[Black "Golizadeh, Asghar"]
[WhiteFideId "13800221"]
[BlackFideId "12505269"]
[WhiteElo "1859"]
[BlackElo "2403"]
[Result "0-1"]
[Round "07"]
[TimeControl "180+1"]
[Date "2022.02.15"]
[WhiteClock "0:00:05"]
[BlackClock "0:00:29"]

1. c4 Nf6 2. Nc3 e6 3. e4 d5 4. e5 d4 5. exf6 dxc3 6. bxc3 Qxf6 7. Nf3 e5 8. Bd3 Bd6 9. Be4 O-O 10. O-O Nc6 11. d4 h6 12. h3 Bf5 13. Re1 Rfe8 14. Bxf5 Qxf5 15. Be3 Rad8 16. Qb1 Qc8 17. Qb5 a6 18. Qa4 e4 19. Nd2 Qf5 20. Nf1 Qg6 21. c5 Bf8 22. Rad1 Ne7 23. c4 Nf5 24. Qb3 Nh4 25. Ng3 h5 26. Qxb7 Re7 27. d5 Nxg2 28. Kxg2 h4 29. Bf4 hxg3 30. Bxg3 e3 31. Qb2 Qe4+ 32. Kh2 Qxc4 33. Rxe3 Rxe3 34. fxe3 Rxd5 35. Rxd5 Qxd5 36. Qc2 c6 37. Bf4 Qxc5 38. Qxc5 Bxc5 39. Kg3 f5 40. Kf3 Kf7 41. e4 g6 42. h4 Ke6 43. exf5+ Kxf5 44. Kg3 Be7 45. Bc7 c5 46. a4 c4 47. Ba5 Bf6 48. Bd2 Ke4 49. Kg4 Kd3 50. Bf4 c3 51. h5 gxh5+ 52. Kxh5 c2 53. Kg6 Bc3 54. a5 Bd2 55. Bxd2 Kxd2 0-1


[Site "https://www.chess.com"]

[Event "Titled Tuesday Blitz February 15 Early 2022"]
[White "Sharapov, Evgeny"]
[Black "Samunenkov, Ihor"]
[WhiteFideId "14103133"]
[BlackFideId "14187086"]
[WhiteElo "2367"]
[BlackElo "2406"]
[Result "0-1"]
[Round "07"]
[TimeControl "180+1"]
[Date "2022.02.15"]
[WhiteClock "0:00:22"]
[BlackClock "0:00:56"]

1. e4 c5 2. Nf3 Nc6 3. d4 cxd4 4. Nxd4 g6 5. c4 Nf6 6. Nc3 d6 7. Be2 Nxd4 8. Qxd4 Bg7 9. Be3 O-O 10. Qd2 a5 11. O-O a4 12. f3 Qa5 13. Rfc1 Be6 14. Rab1 Rfc8 15. b4 axb3 16. axb3 Qb4 17. Nb5 Qxd2 18. Bxd2 Nd7 19. Bc3 Bxc3 20. Nxc3 Nc5 21. b4 Na4 22. Nd5 Bxd5 23. exd5 Nb6 24. Kf2 Ra3 25. c5 Nxd5 26. cxd6 Rd8 27. dxe7 Nxe7 28. Rc7 Nd5 29. Rd1 Ra2 30. Ke1 Re8 31. Rxd5 Rexe2+ 32. Kd1 Rxg2 33. Re5 Rg1+ 34. Re1 Ra1+ 0-1


[Site "https://www.chess.com"]